 Dungeon Crawl Stone Soup version 0.17-a0-2158-g6d76252 (webtiles) character file.

10 Arkorax the Vexing (level 2, -1/11 HPs)
             Began as a Felid Enchanter on Oct 25, 2015.
             Slain by a hobgoblin
             ... wielding a +0 club
              (2 damage)
             ... on level 1 of the Dungeon.
             The game lasted 00:01:21 (467 turns).

Arkorax the Vexing (Felid Enchanter)                 Turns: 467, Time: 00:01:21

Health: -1/11      AC:  1    Str:  4    XL:     2   Next: 10%
Magic:  6/6        EV: 18    Int: 16    God:
Gold:   39         SH:  0    Dex: 16    Spells: 1 memorised, 4 levels left
                                        Lives:  0   Deaths: 0

rFire  . . .     SeeInvis +       - Unarmed
rCold  . . .     Clarity  .     (armour unavailable)
rNeg   . . .     SustAt   .     (shield unavailable)
rPois  .         Gourm    .     (helmet unavailable)
rElec  .         Spirit   .     (cloak unavailable)
rCorr  .         Warding  .     (gloves unavailable)
rMut   .         Stasis   .     (boots unavailable)
MR     .....                    (no amulet)
Stlth  +++.......               (no ring)
                                (no ring)

@: quick, not resistant to hostile enchantments, fairly stealthy
A: no armour, no weapons or thrown items, claws 1, fangs 3, see invisible,
carnivore 3, speed 1, shaggy fur 1, slow metabolism 1, sharp paws
a: no special abilities


You were on level 1 of the Dungeon.
You were not hungry.

You visited 1 branch of the dungeon, and saw 1 of its levels.

You collected 39 gold pieces.

Inventory:

Scrolls
 d - a scroll of amnesia {unknown}
Potions
 c - 2 potions of curing {unknown}
Books
 a - a book of Maledictions

   Spells                             Type                      Level
   a - Corona                         Hexes                        1
   b - Ensorcelled Hibernation        Hexes/Ice                    2
   c - Confuse                        Hexes                        3
   d - Tukima's Dance                 Hexes                        3
   e - Dazzling Spray                 Conjuration/Hexes            3
Comestibles
 b - a meat ration


   Skills:
 - Level 2.6 Dodging
 - Level 4.0 Stealth
 * Level 1.4 Unarmed Combat
 - Level 2.0 Spellcasting
 + Level 5.1 Hexes


You had 4 spell levels left.
You knew the following spells:

 Your Spells              Type           Power        Failure   Level  Hunger
a - Corona                Hex            ###....      2%          1    #......


Dungeon Overview and Level Annotations

Branches:
Dungeon (1/15)

Altars:


Innate Abilities, Weirdness & Mutations

You cannot wear armour.
You are incapable of wielding weapons or throwing items.
You have sharp claws.
You have razor-sharp teeth.
You have supernaturally acute eyesight.
You are carnivorous and can eat meat at any time.
You cover ground quickly.
You are covered in fur (AC +1).
You have a slow metabolism.
Your sharp claws are effective at attacking unaware monsters.


Message History

You closely miss the hobgoblin.
You bite the hobgoblin, but do no damage.
The hobgoblin barely misses you. The hobgoblin hits you.
You closely miss the hobgoblin. The hobgoblin barely misses you.
The hobgoblin closely misses you.
You barely miss the hobgoblin. The hobgoblin hits you with a club.
The hobgoblin barely misses you.
You closely miss the hobgoblin. The hobgoblin hits you with a club.
The hobgoblin hits you.
* * * LOW HITPOINT WARNING * * *
You are too injured to fight recklessly!
You are too injured to fight recklessly!
You are too injured to fight recklessly!
You are too injured to fight recklessly!
You are too injured to fight recklessly!
The hobgoblin hits you with a club.
* * * LOW HITPOINT WARNING * * *
The hobgoblin misses you. The hobgoblin hits you with a club.
You die...

...## ≈≈≈≈ ....# ≈≈≈≈≈≈≈≈.#
.<..#≈≈≈≈≈≈≈≈≈.. ..
..(.#≈≈≈≈≈≈≈≈≈≈. #.. ..
...##≈≈≈≈≈≈≈≈≈≈.###.# ##....
#'##≈≈≈≈≈≈≈≈≈≈≈..##.# $#....
...≈≈≈≈≈≈≈≈≈≈≈≈≈.##'##......
..≈≈≈≈≈≈≈≈≈≈≈≈≈gg#..........
..≈≈≈≈≈≈≈≈≈≈≈≈≈≈@#.........
..≈≈≈≈≈≈≈≈≈≈≈≈≈≈...[.......
...≈≈≈≈#####≈≈≈≈≈.....#...
.....≈##...##≈≈≈≈...).#
......#.....#≈≈≈≈.###.#
......'.....#≈≈≈≈.# #.#
.≈≈≈..#.....#≈≈≈≈.# #.#
≈≈≈≈≈≈##...##≈≈≈..# #.#
≈≈≈≈≈≈≈#####≈≈≈≈.## #.#


You could see 2 hobgoblins.

Vanquished Creatures
  A ball python (D:1)
  A bat (D:1)
  2 goblins (D:1)
  2 hobgoblins (D:1)
  A kobold (D:1)
  A rat (D:1)
8 creatures vanquished.

Notes
Turn   | Place    | Note
--------------------------------------------------------------
     0 | D:1      | Arkorax the Felid Enchanter began the quest for the Orb.
     0 | D:1      | Reached XP level 1. HP: 7/7 MP: 4/4
   330 | D:1      | Reached XP level 2. HP: 9/11 MP: 6/6
   394 | D:1      | Reached skill level 5 in Hexes
   467 | D:1      | Slain by a hobgoblin

Vault maps used:
D:1:      minmay_arrival_shoal_huts

Action                   || total
-------------------------++-------
Melee: Unarmed           ||    29
 Cast: Corona            ||     7
  Eat: Chunk             ||     1
